 Dungeon Sprint DCSS version 0.30-a0-122-g2a1322497e (webtiles) character file.

Game seed: 4238863228876094194

30 mhtbhm the Digger (level 3, 0/19 HPs)
             Began as a Deep Elf Earth Elementalist on Sept 15, 2022.
             Was a Believer of Vehumet.
             Slain by a black bear (2 damage)
             ... in the Dungeon (Sprint VII: "The Pits").
             The game lasted 00:00:48 (170 turns).

mhtbhm the Digger (Deep Elf Earth Elementalist)      Turns: 170, Time: 00:00:49

Health: 0/19       AC:  2    Str:  5    XL:     3   Next: 3%
Magic:  6/11       EV: 13    Int: 21    God:    Vehumet [**....]
Gold:   0          SH:  0    Dex: 15    Spells: 10/12 levels left

rFire   . . .      SeeInvis .    k - +2 quarterstaff
rCold   . . .      Faith    .    (shield currently unavailable)
rNeg    . . .      Spirit   .    a - +0 robe
rPois   .          Reflect  .    (no helmet)
rElec   .          Harm     .    (no cloak)
rCorr   .          Rampage  .    (no gloves)
Will    .....      NoTele   +    (no boots)
Stlth   ++........               (no amulet)
HPRegen 0.06/turn                (no ring)
MPRegen 0.12/turn                (no ring)

@: hasted, very quick
A: no striking features
a: Renounce Religion


You were in the Dungeon.
You worshipped Vehumet.
Vehumet was pleased with you.
You visited 1 branch

Inventory:

Hand Weapons
 k - a +2 quarterstaff (weapon)
Armour
 a - a +0 robe (worn)
Scrolls
 g - a scroll of blinking
 i - 5 scrolls of amnesia
 j - a scroll of summoning
Potions
 b - 5 potions of magic
 c - a potion of curing
 f - 3 potions of berserk rage
 h - 2 potions of invisibility


   Skills:
 + Level 3.0 Dodging
 + Level 2.9 Stealth
 + Level 5.1 Spellcasting
 + Level 1.1 Transmutations
 + Level 6.1 Earth Magic


You had 10 spell levels left.
You knew the following spells:

 Your Spells              Type           Power      Damage    Failure   Level
a - Sandblast             Erth           62%        2d14      1%          1
b - Foxfire               Conj/Fire      20%        2x1d5     11%         1

Your spell library contained the following spells:

 Spells                   Type           Power      Damage    Failure   Level
 Static Discharge         Conj/Air       10%        3-4/arc   16%         2
 Passwall                 Tmut/Erth      16%        N/A       3%          2
 Stone Arrow              Conj/Erth      36%        3d9       9%          3
 Petrify                  Tmut/Erth      20%        N/A       24%         4


Dungeon Overview and Level Annotations

Branches:
Dungeon (1/1)

Altars:
Ashenzari
Cheibriados
Dithmenos
Elyvilon
Fedhas
Gozag
Hepliaklqana
Kikubaaqudgha
Makhleb
Nemelex Xobeh
Okawaru
Qazlal
Ru
Sif Muna
Trog
Uskayaw
Vehumet
Wu Jian
Xom
Yredelemnul
Zin
The Shining One
Jiyva
Lugonu


Message History

Aim: an ufetubus (72% to hit)
The blast of sand hits the ufetubus!
You kill the ufetubus!
Vehumet accepts your kill.
You feel your power returning.
Your Spellcasting skill increases to level 5!
Your Earth Magic skill increases to level 6!
You have reached level 3!
Your experience leads to an increase in your attributes!
Increase (S)trength, (I)ntelligence, or (D)exterity?
You feel clever. x2
Unknown command.
Unknown command.
Casting: Sandblast (safe; 1% risk of failure)
Confirm with . or Enter, or press ? or * to list all spells.
Aiming: Sandblast (safe; 1% risk of failure)
Press: ? - help, Shift-Dir - straight line, f - black bear
Aim: a black bear (88% to hit)
The blast of sand misses the black bear.
The black bear bites you but does no damage.
The black bear barely misses you. The black bear closely misses you.
Unknown command.
Casting: Sandblast (safe; 1% risk of failure)
Confirm with . or Enter, or press ? or * to list all spells.
Aiming: Sandblast (safe; 1% risk of failure)
Press: ? - help, Shift-Dir - straight line, f/p - black bear
Aim: a black bear (88% to hit)
The blast of sand hits the black bear.
The black bear is lightly wounded.
The black bear bites you. The black bear claws you.
The black bear claws you but does no damage.
The black bear bites you.
* * * LOW HITPOINT WARNING * * *
The black bear barely misses you. x2
Unknown command.
You feel much better. The black bear bites you! The black bear claws you. x2
You feel yourself speed up. The black bear bites you. The black bear claws you.
* * * LOW HITPOINT WARNING * * *
The black bear claws you.
You die...

#_________.#
#_______...###########++
##########'##...........
#.?(.')))'.##......#..#.
##########.##...........
#...........'...........
#+#####†#####......#..#.
#...#.# #...........
#...#@# ####'#####++
#...h.# #.......#
##'#### #.......# #....
#.......# #....5#
#...<...# #.......
#.......# #.....h..
#.......# #########
#.......# #########


You could see a black bear.

Vanquished Creatures
  A gnoll (D)
  An adder (D)
  An ufetubus (D)
  A bat zombie (D)
  A hobgoblin (D)
  A quokka (D)
  A ball python zombie (D)
  A frilled lizard (D)
8 creatures vanquished.

Notes
Turn   | Place    | Note
-------+----------+-------------------------------------------
     0 | D        | mhtbhm the Deep Elf Earth Elementalist began the quest for
                  | the Orb.
     0 | D        | Reached XP level 1. HP: 10/10 MP: 6/6
    25 | D        | Found a bloodstained altar of Trog.
    25 | D        | Found a shimmering blue altar of Sif Muna.
    25 | D        | Found a viscous altar of Jiyva.
    25 | D        | Found a hazy altar of Hepliaklqana.
    25 | D        | Found an opulent altar of Gozag.
    26 | D        | Found a glowing golden altar of the Shining One.
    26 | D        | Found a glowing silver altar of Zin.
    26 | D        | Found a basalt altar of Yredelemnul.
    26 | D        | Found a shimmering altar of Xom.
    26 | D        | Found an ornate altar of the Wu Jian Council.
    26 | D        | Found a sacrificial altar of Ru.
    26 | D        | Found a stormy altar of Qazlal.
    26 | D        | Found an iron altar of Okawaru.
    26 | D        | Found a sparkling altar of Nemelex Xobeh.
    26 | D        | Found a burning altar of Makhleb.
    26 | D        | Found a blossoming altar of Fedhas.
    26 | D        | Found a white marble altar of Elyvilon.
    26 | D        | Found a shadowy altar of Dithmenos.
    26 | D        | Found a snail-covered altar of Cheibriados.
    28 | D        | Found a radiant altar of Vehumet.
    28 | D        | Found a corrupted altar of Lugonu.
    29 | D        | Found a hide-covered altar of Uskayaw.
    29 | D        | Found an ancient bone altar of Kikubaaqudgha.
    29 | D        | Found a broken altar of Ashenzari.
    38 | D        | Became a worshipper of Vehumet
    81 | D        | Reached skill level 4 in Earth Magic
    81 | D        | Reached XP level 2. HP: 15/15 MP: 5/9
    82 | D        | Reached skill level 5 in Earth Magic
   128 | D        | Reached * piety under Vehumet
   128 | D        | Offered knowledge of Foxfire by Vehumet.
   133 | D        | Learned a level 1 spell: Foxfire
   158 | D        | Noticed a black bear
   165 | D        | Offered knowledge of Static Discharge by Vehumet.
   165 | D        | Reached ** piety under Vehumet
   167 | D        | Reached skill level 5 in Spellcasting
   167 | D        | Reached skill level 6 in Earth Magic
   167 | D        | Reached XP level 3. HP: 19/19 MP: 7/11
   170 | D        | Slain by a black bear

Illustrated notes

Levels and vault maps discovered:
D:        pitsprint [storerooms_1, entrance_room_1, metal_vault_1, armoury_2,
          mini_pit_1, grid_room_1, main_hall_1, silver_pit, the_coven_3,
          the_vestibule_1, steel_vault_5, golden_pit, hallway_of_sentries,
          crystal_vault_5, iron_vault_2, final_vault]

Skill      XL: |  1  2 |
---------------+-------+-----
Spellcasting   | 4 5 |  5.1
Earth Magic    | 4 6 |  6.1
Dodging        | 3 |  3.0
Stealth        | |  2.9
Transmutations | |  1.1

Action                   || total
-------------------------++-------
 Cast: Sandblast         ||    13
  Use: Potion            ||     2
Armor: Robe              ||     3
Dodge: Dodged            ||    10

Table legend: (Time is in decaauts)
 A = Elapsed time spent in this place.
 B = Non-inter-level travel time spent in this place.
 C = Inter-level travel time spent in this place.
 D = Time resting spent in this place.
 E = Time spent auto-exploring this place.
 F = Levels seen in this place.
 G = Mean time per level.
                   A        B        C        D        E       F      G
               +--------+--------+--------+--------+--------+-----+--------+
         Total |    176 |    176 |      0 |     69 |      0 |   1 |  176.0 |
       Dungeon |    176 |    176 |      0 |     69 |      0 |   1 |  176.0 |
               +--------+--------+--------+--------+--------+-----+--------+

Top non-repeatable levels by time:
       D: 176 daAuts
